 Dungeon Crawl Stone Soup version 0.30-a0-4-ga7cffc901d (webtiles) character file.

Game seed: 15849095446571484382

44 SensoryNuts the Trooper (level 3, -3/26 HPs)
             Began as an Octopode Fighter on Aug 21, 2022.
             Was a Follower of Dithmenos.
             Slain by a gnoll
             ... wielding a +0 spear
              (6 damage)
             ... on level 2 of the Dungeon.
             The game lasted 00:02:35 (1854 turns).

SensoryNuts the Trooper (Octopode Fighter)          Turns: 1854, Time: 00:02:36

Health: -3/26      AC:  1    Str: 17    XL:     3   Next: 62%
Magic:  3/3        EV: 13    Int: 10    God:    Dithmenos [*.....]
Gold:   76         SH:  4    Dex: 11    Spells: 2/2 levels left

rFire   . . .      SeeInvis .    a - +0 long sword
rCold   . . .      Faith    .    b - +0 buckler
rNeg    . . .      Spirit   .    (helmet restricted)
rPois   .          Reflect  .    (no amulet)
rElec   .          Harm     .    (no ring)
rCorr   .          Rampage  .    (no ring)
Will    .....                    (no ring)
Stlth   +++.......               (no ring)
HPRegen 0.08/turn                (no ring)
MPRegen 0.08/turn                (no ring)
                                 (no ring)
                                 (no ring)

@: wreathed by umbra
A: almost no armour, amphibious, 8 rings, camouflage 1, gelatinous body 1,
(nimble swimmer 1), tentacles
a: Renounce Religion


You were on level 2 of the Dungeon.
You worshipped Dithmenos.
Dithmenos was aware of your devotion.
You visited 1 branch of the dungeon, and saw 2 of its levels.

You collected 76 gold pieces.

Inventory:

Hand Weapons
 a - a +0 long sword (weapon)
Armour
 b - a +0 buckler (worn)
 e - a +0 cloak
Scrolls
 d - a scroll of magic mapping {unknown}
 f - 4 scrolls of identify {unknown}
 h - a scroll of enchant armour {unknown}
 i - a scroll of fear {unknown}
 j - a scroll of immolation {unknown}
 k - a scroll of poison {unknown}
Potions
 g - a potion of heal wounds {unknown}


   Skills:
 + Level 3.3 Fighting
 * Level 2.6 Long Blades
 + Level 3.3 Dodging
 + Level 1.3 Stealth
 + Level 3.2 Shields


You had 2 spell levels left.
You didn't know any spells.
Your spell library contained the following spells:

 Spells                   Type           Power      Damage    Failure   Level
 Apportation              Tloc           0%         N/A       45%         1
 Alistair's Intoxication  Tmut/Pois      0%         N/A       100%        5


Dungeon Overview and Level Annotations

Branches:
Dungeon (2/15)

Altars:
Dithmenos


Innate Abilities, Weirdness & Mutations

You cannot wear most types of armour.
You are amphibious.
You can wear up to eight rings at the same time.
Your skin changes colour to match your surroundings (Stealth+).
Your rubbery body absorbs attacks. (AC +1, EV +1)
((You are camouflaged when in or above water. (Stealth+)))
You have tentacles for arms and can constrict up to eight enemies at once.


Message History

The gnoll completely misses you.
You closely miss the gnoll. You grab the gnoll. You squeeze the gnoll!
The gnoll is severely wounded.
You constrict the gnoll. You block the gnoll's attack.
The gnoll closely misses you. The gnoll barely misses you.
The gnoll hits you with a +0 spear.
You hit the gnoll.
The gnoll is almost dead.
You constrict the gnoll.
The gnoll hits you with a +0 whip of electrocution!
The gnoll escapes!
The gnoll throws a throwing net.
You block the throwing net.
You are too injured to fight recklessly!
You are too injured to fight recklessly!
You are too injured to fight recklessly!
You are too injured to fight recklessly!
You are too injured to fight recklessly!
You are too injured to fight recklessly!
You are too injured to fight recklessly!
You are too injured to fight recklessly!
You are too injured to fight recklessly!
Unknown command.
The ball python bites you.
* * * LOW HITPOINT WARNING * * *
The ball python closely misses you. The gnoll barely misses you.
It was a potion of curing.
You feel better. You block the ball python's attack.
The ball python completely misses you.
The gnoll hits you from afar with a +0 spear.
The ball python closely misses you. You block the ball python's attack.
The gnoll misses you. The gnoll closely misses you.
The gnoll throws a throwing net.
The throwing net completely misses you. The ball python bites you.
* * * LOW HITPOINT WARNING * * *
The ball python closely misses you. The gnoll attacks as you move away!
The gnoll hits you with a +0 whip of electrocution.
* * * LOW HITPOINT WARNING * * *
There is a stone staircase leading up here.
You see here a throwing net.
The gnoll hits you from afar with a +0 spear.
You die...

#....... ...
#...... #...#
.....##.>..#
....#.#...#
#####.....#.?.###
#....(#)........
#.###ggS..# ..#
#.###g#.##...###
#....@.........
#.##)###.†...###
...# #...$.#
###.# #.#.### ##.
.##.# # # .# #


You could see 3 gnolls.

Vanquished Creatures
  2 endoplasms (D:1)
  8 goblins
  5 hobgoblins (D:1)
  5 jackals (D:1)
  A quokka (D:1)
  5 ball pythons
  A bat (D:1)
  A frilled lizard (D:1)
  7 kobolds (D:1)
  2 rats
37 creatures vanquished.

Vanquished Creatures (others)
  11 plants (D:1)
11 creatures vanquished.

Grand Total: 48 creatures vanquished

Notes
Turn   | Place    | Note
-------+----------+-------------------------------------------
     0 | D:1      | SensoryNuts the Octopode Fighter began the quest for the
                  | Orb.
     0 | D:1      | Reached XP level 1. HP: 16/16 MP: 1/1
   225 | D:1      | Reached XP level 2. HP: 21/21 MP: 2/2
   506 | D:1      | Found a faded altar of an unknown god.
   572 | D:1      | Prayed at the altar of an unknown god.
   572 | D:1      | Became a worshipper of Dithmenos the Shadowed
   572 | D:1      | Reached * piety under Dithmenos
   623 | D:1      | Reached XP level 3. HP: 12/26 MP: 3/3
   840 | D:1      | Reached skill level 1 in Stealth
  1854 | D:2      | Slain by a gnoll

Illustrated notes

Levels and vault maps discovered:
D:1:      dpeg_arrival_morbid_curiosity, layout_basic,
          chequers_ecumenical_altar_simple_redux, serial_forest,
          infiniplex_forest_end_2, infiniplex_forest_clump_long,
          infiniplex_forest_clump_medium, infiniplex_forest_lined_4_way,
          infiniplex_forest_lined_2, infiniplex_forest_clump_C,
          infiniplex_forest_lined_4_way
D:2:      layout_loops_ring, basic_altar, corexii_hall_statues_u

Skill      XL: |  1  2  3 |
---------------+----------+-----
Stealth        | 1 |  1.3
Fighting       | |  3.3
Long Blades    | |  2.6
Dodging        | |  3.3
Shields        | |  3.2

Action                   || total
-------------------------++-------
Melee: Long sword        ||    64
       Constrict         ||    19
       Tentacles         ||     9
  Use: Potion            ||     2
 Stab: Sleeping          ||     4
       Distracted        ||     1
Armor: Skin              ||     3
Dodge: Dodged            ||    48
Block: Buckler           ||    15

Table legend: (Time is in decaauts)
 A = Elapsed time spent in this place.
 B = Non-inter-level travel time spent in this place.
 C = Inter-level travel time spent in this place.
 D = Time resting spent in this place.
 E = Time spent auto-exploring this place.
 F = Levels seen in this place.
 G = Mean time per level.
                   A        B        C        D        E       F      G
               +--------+--------+--------+--------+--------+-----+--------+
         Total |   1873 |   1583 |    290 |      0 |   1341 |   2 |  936.5 |
       Dungeon |   1873 |   1583 |    290 |      0 |   1341 |   2 |  936.5 |
               +--------+--------+--------+--------+--------+-----+--------+

Top non-repeatable levels by time:
     D:1: 1840 daAuts
     D:2: 33 daAuts
